AoeStats
← VbadGamer

Arena

506793798Analyzed
1v1 RM · 16d ago on Sep 15, 2026· 47m 8s· 2 players
Game mode
Random Map
Map size
Tiny (2 player)
Population
200
Speed
Normal
Resources
Standard
Victory
Conquest
Starting age
Dark Age
Ending age
Imperial Age
RankedLock teamsTeams togetherTeam positionsShared explorationLock speedFull tech treeHidden civsTurbo modeCheats
Victory
Defeat
🇨🇭 Teutons · Switzerland
699
+16
🇦🇺 Franks · Australia
709
-16
marcelerni
0:34 Loom
13:33 Feudal Age
15:19 Double-Bit Axe
15:17 Horse Collar
20:20 Castle Age
18:15 Gold Mining
18:17 Stone Mining
19:21 Scale Mail Armor
20:29 Forging
21:12 Heavy Plow
25:18 Bow Saw
25:47 Stone Shaft Mining
25:21 Scale Barding Armor
26:37 Ballistics
27:09 Wheelbarrow
26:21 Town Watch
27:16 Bloodlines
27:00 Fletching
33:53 Imperial Age
32:26 Iron Casting
32:18 Hand Cart
31:35 Pikeman
32:55 Bodkin Arrow
33:22 Chain Barding Armor
34:05 Bodkin Arrow
34:32 Chain Mail Armor
34:19 Padded Archer Armor
36:38 Chemistry
35:52 Fortified Wall
35:30 Cavalier
37:13 Plate Barding Armor
37:36 Crop Rotation
38:09 Two-Man Saw
37:52 Crenellations
38:40 Blast Furnace
38:36 Halberdier
41:05 Elite Teutonic Knight
42:19 Plate Mail Armor
42:33 Siege Engineers
VbadGamer
13:32 Feudal Age
12:34 Loom
18:15 Castle Age
16:20 Gold Mining
16:23 Stone Mining
17:29 Fletching
21:30 Man-at-Arms
21:55 Gambesons
24:33 Scale Mail Armor
26:34 Double-Bit Axe
26:44 Long Swordsman
30:16 Chain Mail Armor
30:04 Pikeman
30:45 Squires
31:55 Bow Saw
32:03 Scale Barding Armor
33:14 Gold Mining
34:18 Husbandry
34:41 Chain Barding Armor
34:32 Forging
34:17 Arson
38:23 Imperial Age
38:18 Iron Casting
38:42 Two-Handed Swordsman
39:57 Plate Mail Armor
40:39 Capped Ram
43:01 Cavalier
46:29 Paladin
46:33 Champion
Connection lost

Rejoining the realm…

Still unreachable

The connection could not be restored.

Session expired

The server has moved on; the page needs a fresh start.